 Dungeon Sprint DCSS version 0.30-a0-672-gc3a7216ad8 (webtiles) character file.

Game seed: 3107129666335701091

23352 rocky1 the Gnoll Aeon (level 13, -7/111 HPs)
             Began as a Gnoll Earth Elementalist on Jan 17, 2023.
             Was the Champion of Cheibriados.
             Mangled by a snapping turtle (23 damage)
             ... in the Dungeon (Sprint VII: "The Pits") on Jan 18, 2023.
             The game lasted 00:11:19 (3606 turns).

rocky1 the Gnoll Aeon (Gnoll Earth Elementalist)    Turns: 3606, Time: 00:11:20

Health: -7/111     AC: 12    Str: 24    XL:     13   Next: 6%
Magic:  14/30      EV: 26    Int: 36    God:    Cheibriados [******]
Gold:   53         SH: 15    Dex: 28    Spells: 25/39 levels left

rFire   . . .      SeeInvis .    v - +2 scimitar (venom)
rCold   . . .      Faith    .    J - +0 kite shield
rNeg    . . .      Spirit   .    l - +3 ring mail
rPois   .          Reflect  .    (no helmet)
rElec   .          Harm     .    (no cloak)
rCorr   .          Rampage  .    s - +0 pair of gloves
Will    .....      NoTele   +    (no boots)
Stlth   ++++++                   (no amulet)
HPRegen 0.38/turn                o - +3 ring of evasion
MPRegen 0.22/turn                q - +3 ring of intelligence

@: very slow
A: fangs 1, strong nose, distributed training
a: Renounce Religion, Bend Time, Temporal Distortion, Slouch, Step From Time


You were in the Dungeon.
You worshipped Cheibriados.
Cheibriados was exalted by your worship.
You visited 1 branch You collected 53 gold pieces.

Inventory:

Hand Weapons
 a - a +0 demon trident of freezing
 k - a +2 mace
 m - a +2 long sword of holy wrath
 t - a +2 morningstar of protection
 u - a +1 broad axe of freezing
 v - a +2 scimitar of venom (weapon)
Missiles
 n - a curare-tipped dart
 I - a javelin
Armour
 l - a +3 ring mail (worn)
 s - a +0 pair of gloves (worn)
 H - a +2 chain mail of fire resistance
 J - a +0 kite shield (worn)
Magical Staves
 F - a staff of poison
Jewellery
 o - a +3 ring of evasion (left hand)
 q - a +3 ring of intelligence (right hand)
 B - the ring of Xom's Amusement {Fire *Corrode rElec rPois Will++}
   (You found it in the Dungeon)

   [ring of fire]

   It enhances your fire magic.
   rF:        It protects you from fire.
   rC:        It makes you vulnerable to cold.
   rElec:     It insulates you from electricity.
   rPois:     It protects you from poison.
   *Corrode:  It may corrode you when you take damage.
   Will:      It greatly increases your willpower.
 C - a ring of poison resistance
 E - a ring of flight
Scrolls
 e - 5 scrolls of enchant weapon
 g - a scroll of blinking
 i - 5 scrolls of amnesia
 j - a scroll of butterflies
 w - a scroll of identify
 x - a scroll of fear
 y - 3 scrolls of fog
 A - 2 scrolls of enchant armour
 D - a scroll of magic mapping
Potions
 b - 3 potions of magic
 c - 9 potions of curing
 d - 6 potions of heal wounds
 f - 7 potions of berserk rage
 h - 2 potions of invisibility
 p - 3 potions of brilliance
 r - 3 potions of might
 z - 2 potions of mutation
Miscellaneous
 G - a tin of tremorstones (2/2)


   Skills:
 + Level 13.0 Fighting
 + Level 13.0 Short Blades
 + Level 13.0 Long Blades
 + Level 13.0 Axes
 + Level 13.0 Maces & Flails
 + Level 13.0 Polearms
 + Level 13.0 Staves
 + Level 13.0 Ranged Weapons
 + Level 13.0 Throwing
 + Level 13.0 Armour
 + Level 13.8 Dodging
 + Level 13.6 Stealth
 + Level 13.0 Shields
 + Level 13.0 Unarmed Combat
 + Level 13.9 Spellcasting
 + Level 11.0 Conjurations
 + Level 11.0 Hexes
 + Level 11.0 Summonings
 + Level 11.0 Necromancy
 + Level 11.0 Translocations
 + Level 11.3 Transmutations
 + Level 11.0 Fire Magic
 + Level 11.0 Ice Magic
 + Level 11.0 Air Magic
 + Level 12.3 Earth Magic
 + Level 11.0 Poison Magic
 + Level 14.1 Invocations
 + Level 13.0 Evocations


You had 25 spell levels left.
You knew the following spells:

 Your Spells              Type           Power      Damage    Failure   Level
a - Sandblast             Erth           100%       2d20      1%          1
b - Stone Arrow           Conj/Erth      100%       3d13      1%          3
c - Petrify               Tmut/Erth      83%        N/A       1%          4
d - Simulacrum            Ice/Necr       40%        N/A       7%          6

Your spell library contained the following spells:

 Spells                   Type           Power      Damage    Failure   Level
 Summon Small Mammal      Summ           100%       N/A       1%          1
 Passwall                 Tmut/Erth      69%        N/A       1%          2
 Call Canine Familiar     Summ           81%        N/A       1%          3
 Hailstorm                Conj/Ice       81%        3d16      1%          3
 Summon Guardian Golem    Hex/Summ       81%        N/A       1%          3
 Ice Form                 Ice/Tmut       81%        N/A       1%          4


Dungeon Overview and Level Annotations

Branches:
Dungeon (1/1)

Altars:
Ashenzari
Cheibriados
Dithmenos
Elyvilon
Fedhas
Gozag
Hepliaklqana
Kikubaaqudgha
Makhleb
Nemelex Xobeh
Okawaru
Qazlal
Ru
Sif Muna
Trog
Uskayaw
Vehumet
Wu Jian
Xom
Yredelemnul
Zin
The Shining One
Jiyva
Lugonu


Innate Abilities, Weirdness & Mutations

You have very sharp teeth.
Your uncanny sense of smell can sniff out nearby items.
Your experience applies equally to all skills.


Message History

You bite the death knight, but do no damage.
The death knight is severely wounded.
The snapping turtle bites you from afar!!
* * * LOW HITPOINT WARNING * * *
You block the death knight's attack.
You closely miss the death knight.
You bite the death knight, but do no damage.
The death knight is severely wounded.
You block the death knight's attack. The snapping turtle misses you.
You feel much better.
The snapping turtle bites you from afar!
* * * LOW HITPOINT WARNING * * *
The death knight hits you but does no damage.
Activating: Slouch (0% risk of failure)
Press: ? - help, Dir - look around, f - activate
Okay, then.
The death knight hits you with a +3 broad axe!!
* * * LOW HITPOINT WARNING * * *
You feel much better.
The snapping turtle completely misses you.
You block the death knight's attack.
You slice the death knight!!
You kill the death knight!
Cheibriados appreciates the change of pace.
The snapping turtle bites you from afar!!
* * * LOW HITPOINT WARNING * * *
You block the snapping turtle's attack. x2
Things that are here:
a +3 broad axe; a +0 chain mail You slash the snapping turtle!
The snapping turtle is lightly wounded.
You block the snapping turtle's attack.
You completely miss the snapping turtle.
The snapping turtle is lightly wounded.
You block the snapping turtle's attack.
You hit the snapping turtle but do no damage.
The snapping turtle is poisoned.
The snapping turtle is lightly wounded.
The snapping turtle bites you!!
You die...

.. #.. +.. ∆∆∆∆∆∆∆∆ +.. #..
#######################.. ∆∆∆∆
#....................''.. ∆∆∆∆
#.....Wt@............''.. ∆∆∆∆
#..###'############..##.. ∆∆∆∆∆∆∆
#..##.#. ∆ #..##.. ∆∆∆∆∆∆∆ #..#.#
#y ∆ ∆ #..##.. ∆∆∆∆∆∆∆ #..##∆ ∆#p
∆ ∆ ∆ #..#### ∆∆∆∆∆∆∆ #..# #W ∆
#..#### ∆∆∆∆∆∆∆ #..# #y #..##..
#..################..##.#
#########....................##.#


You could see a snapping turtle (very poisoned) and a wraith.

Vanquished Creatures
  A ghost moth (D)
  A vampire knight (D)
  A merfolk javelineer (D)
  A vault guard (D)
  A catoblepas (D)
  Erolcha (D)
  An ogre mage (D)
  A death knight (D)
  3 two-headed ogres (D)
  A boulder beetle (D)
  2 deep elf knights (D)
  A shadow wraith (D)
  A sixfirhy (D)
  A sea snake (D)
  2 flayed ghosts (D)
  A bog body (D)
  A deep elf archer (D)
  2 deep trolls (D)
  An orc knight (D)
  2 deep elf pyromancers (D)
  A deep elf zephyrmancer (D)
  A cyclops (D)
  A merfolk siren (D)
  A demonic crawler (D)
  Joseph (D)
  An orange demon (D)
  2 rime drakes (D)
  An ice devil (D)
  A guardian mummy (D)
  2 red devils (D)
  A troll (D)
  4 merfolk (D)
  2 hornets (D)
  A wind drake (D)
  A wyvern (D)
  2 redbacks (D)
  A yak (D)
  A basilisk (D)
  A neqoxec (D)
  A warg (D)
  Edmund (D)
  An acid dragon (D)
  3 floating eyes (D)
  2 ice beasts (D)
  An orc warrior (D)
  A sky beast (D)
  2 ogres (D)
  5 wolves (D)
  2 centaurs (D)
  A kobold brigand (D)
  A phantom (D)
  A bullfrog (D)
  A necrophage (D)
  A killer bee (D)
  A crimson imp (D)
  A quasit (D)
  A hound (D)
  2 orc priests (D)
  3 orc wizards (D)
  A mummy (D)
  3 adders (D)
  2 river rats (D)
  5 orcs (D)
  An endoplasm (D)
  A kobold (D)
  A ball python (D)
  A ball python skeleton (D)
  A bat (D)
  A frilled lizard (D)
  A giant cockroach zombie (D)
102 creatures vanquished.

Vanquished Creatures (collateral kills)
  A freezing wraith (D)
  2 yaks (D)
  An adder skeleton (D)
  A ball python simulacrum (D)
5 creatures vanquished.

Grand Total: 107 creatures vanquished

Notes
Turn   | Place    | Note
-------+----------+-------------------------------------------
     0 | D        | rocky1 the Gnoll Earth Elementalist began the quest for the
                  | Orb.
     0 | D        | Reached XP level 1. HP: 13/13 MP: 6/6
    18 | D        | Found a bloodstained altar of Trog.
    18 | D        | Found a shimmering blue altar of Sif Muna.
    18 | D        | Found a viscous altar of Jiyva.
    18 | D        | Found a hazy altar of Hepliaklqana.
    18 | D        | Found an opulent altar of Gozag.
    19 | D        | Found a glowing golden altar of the Shining One.
    19 | D        | Found a glowing silver altar of Zin.
    19 | D        | Found a basalt altar of Yredelemnul.
    19 | D        | Found a shimmering altar of Xom.
    19 | D        | Found an ornate altar of the Wu Jian Council.
    19 | D        | Found a sacrificial altar of Ru.
    19 | D        | Found a stormy altar of Qazlal.
    19 | D        | Found an iron altar of Okawaru.
    19 | D        | Found a sparkling altar of Nemelex Xobeh.
    19 | D        | Found a burning altar of Makhleb.
    19 | D        | Found a blossoming altar of Fedhas.
    19 | D        | Found a white marble altar of Elyvilon.
    19 | D        | Found a shadowy altar of Dithmenos.
    19 | D        | Found a snail-covered altar of Cheibriados.
    21 | D        | Found a radiant altar of Vehumet.
    21 | D        | Found a corrupted altar of Lugonu.
    22 | D        | Found a hide-covered altar of Uskayaw.
    22 | D        | Found an ancient bone altar of Kikubaaqudgha.
    22 | D        | Found a broken altar of Ashenzari.
    30 | D        | Became a worshipper of Cheibriados the Contemplative
    78 | D        | Noticed a floating eye
    80 | D        | Killed a floating eye
    81 | D        | Reached skill level 5 in Dodging
    81 | D        | Reached skill level 5 in Stealth
    81 | D        | Reached skill level 5 in Spellcasting
    81 | D        | Reached skill level 3 in Invocations
    81 | D        | Reached XP level 2. HP: 24/24 MP: 4/8
    81 | D        | Reached XP level 3. HP: 29/29 MP: 5/10
    81 | D        | Reached XP level 4. HP: 35/35 MP: 5/11
    81 | D        | Reached * piety under Cheibriados
   245 | D        | Learned a level 3 spell: Stone Arrow
   249 | D        | Reached XP level 5. HP: 36/41 MP: 10/13
   294 | D        | Reached ** piety under Cheibriados
   322 | D        | Reached *** piety under Cheibriados
   391 | D        | Noticed an ice beast
   394 | D        | Killed an ice beast
   394 | D        | Reached **** piety under Cheibriados
   395 | D        | Reached skill level 4 in Invocations
   395 | D        | Reached XP level 6. HP: 48/48 MP: 10/15
   432 | D        | Reached skill level 5 in Invocations
   432 | D        | Reached ***** piety under Cheibriados
   440 | D        | Reached skill level 5 in Fighting
   440 | D        | Reached skill level 5 in Short Blades
   440 | D        | Reached skill level 5 in Long Blades
   440 | D        | Reached skill level 5 in Axes
   440 | D        | Reached skill level 5 in Maces & Flails
   440 | D        | Reached skill level 5 in Polearms
   440 | D        | Reached skill level 5 in Staves
   440 | D        | Reached skill level 5 in Ranged Weapons
   440 | D        | Reached skill level 5 in Throwing
   440 | D        | Reached skill level 5 in Armour
   440 | D        | Reached skill level 5 in Shields
   440 | D        | Reached skill level 5 in Unarmed Combat
   440 | D        | Reached skill level 5 in Evocations
   675 | D        | Reached skill level 5 in Transmutations
   675 | D        | Reached XP level 7. HP: 56/56 MP: 15/17
   694 | D        | Learned a level 4 spell: Petrify
   694 | D        | Noticed a merfolk
   700 | D        | Killed a merfolk
   701 | D        | Reached skill level 6 in Invocations
   803 | D        | Noticed Edmund
   805 | D        | Killed Edmund
   806 | D        | Reached skill level 5 in Conjurations
   806 | D        | Reached skill level 5 in Hexes
   806 | D        | Reached skill level 5 in Summonings
   806 | D        | Reached skill level 5 in Necromancy
   806 | D        | Reached skill level 5 in Translocations
   806 | D        | Reached skill level 5 in Fire Magic
   806 | D        | Reached skill level 5 in Ice Magic
   806 | D        | Reached skill level 5 in Air Magic
   806 | D        | Reached skill level 5 in Poison Magic
   806 | D        | Reached ****** piety under Cheibriados
   808 | D        | Reached skill level 7 in Invocations
   808 | D        | Reached XP level 8. HP: 65/65 MP: 8/20
  1012 | D        | Noticed Joseph
  1026 | D        | Killed Joseph
  1239 | D        | Reached skill level 8 in Invocations
  1239 | D        | Reached XP level 9. HP: 72/72 MP: 12/22
  1306 | D        | Noticed a flayed ghost
  1314 | D        | Killed a flayed ghost
  1374 | D        | Noticed Erolcha
  1380 | D        | Killed Erolcha
  1381 | D        | Reached skill level 9 in Invocations
  1448 | D        | Noticed a deep elf knight
  1448 | D        | Noticed a deep elf knight
  1448 | D        | Noticed a deep elf pyromancer
  1448 | D        | Noticed a deep elf pyromancer
  1448 | D        | Noticed a deep troll
  1450 | D        | Killed a deep elf pyromancer
  1451 | D        | Reached skill level 10 in Spellcasting
  1451 | D        | Reached XP level 10. HP: 79/82 MP: 14/24
  1451 | D        | Killed a deep elf pyromancer
  1451 | D        | Noticed a deep elf archer
  1452 | D        | Reached skill level 10 in Dodging
  1452 | D        | Killed a deep elf knight
  1452 | D        | Killed a deep elf knight
  1453 | D        | Reached skill level 10 in Stealth
  1453 | D        | Reached skill level 10 in Invocations
  1453 | D        | Killed a deep troll
  1471 | D        | Killed a deep elf archer
  1645 | D        | Noticed a boulder beetle
  1655 | D        | Killed a boulder beetle
  1656 | D        | Reached skill level 10 in Earth Magic
  1739 | D        | Reached skill level 10 in Fighting
  1739 | D        | Reached skill level 10 in Short Blades
  1739 | D        | Reached skill level 10 in Long Blades
  1739 | D        | Reached skill level 10 in Axes
  1739 | D        | Reached skill level 10 in Maces & Flails
  1739 | D        | Reached skill level 10 in Polearms
  1739 | D        | Reached skill level 10 in Staves
  1739 | D        | Reached skill level 10 in Ranged Weapons
  1739 | D        | Reached skill level 10 in Throwing
  1739 | D        | Reached skill level 10 in Armour
  1739 | D        | Reached skill level 10 in Shields
  1739 | D        | Reached skill level 10 in Unarmed Combat
  1739 | D        | Reached skill level 10 in Evocations
  1739 | D        | Reached XP level 11. HP: 82/90 MP: 13/26
  1985 | D        | Noticed an ogre mage
  1986 | D        | Noticed a two-headed ogre
  1986 | D        | Noticed a two-headed ogre
  1987 | D        | Noticed a two-headed ogre
  1987 | D        | Noticed a bog body
  1989 | D        | Reached skill level 11 in Invocations
  1989 | D        | Killed a bog body
  1990 | D        | Killed a two-headed ogre
  1990 | D        | Killed a two-headed ogre
  1991 | D        | Killed an ogre mage
  1996 | D        | Killed a two-headed ogre
  2136 | D        | Noticed a deep elf zephyrmancer
  2141 | D        | Killed a ghost moth
  2142 | D        | Reached skill level 12 in Invocations
  2277 | D        | Killed a deep elf zephyrmancer
  2289 | D        | Noticed a cyclops
  2298 | D        | Killed a cyclops
  2302 | D        | Noticed a deep troll
  2307 | D        | Killed a deep troll
  2391 | D        | Noticed a flayed ghost
  2393 | D        | Noticed a sea snake
  2396 | D        | Reached skill level 10 in Transmutations
  2396 | D        | Reached XP level 12. HP: 74/100 MP: 22/28
  2408 | D        | Reached skill level 10 in Conjurations
  2408 | D        | Reached skill level 10 in Hexes
  2408 | D        | Reached skill level 10 in Summonings
  2408 | D        | Reached skill level 10 in Necromancy
  2408 | D        | Reached skill level 10 in Translocations
  2408 | D        | Reached skill level 10 in Fire Magic
  2408 | D        | Reached skill level 10 in Ice Magic
  2408 | D        | Reached skill level 10 in Air Magic
  2408 | D        | Reached skill level 10 in Poison Magic
  2415 | D        | Reached skill level 13 in Invocations
  2687 | D        | Got the ring of Xom's Amusement {Fire *Corrode rElec rPois
                  | Will++}
  2725 | D        | Learned a level 6 spell: Simulacrum
  2874 | D        | Noticed a catoblepas
  2883 | D        | Killed a catoblepas
  2987 | D        | Noticed a vampire knight
  2999 | D        | Paralysed by a vampire knight for 3 turns
  3008 | D        | Paralysed by a vampire knight for 2 turns
  3010 | D        | Killed a vampire knight
  3287 | D        | Noticed a merfolk javelineer
  3287 | D        | Noticed a vault guard
  3296 | D        | Killed a vault guard
  3301 | D        | Killed a merfolk javelineer
  3482 | D        | Reached skill level 14 in Invocations
  3535 | D        | Upgraded the game from 0.30-a0-639-g3916f1956a to
                  | 0.30-a0-672-gc3a7216ad8
  3578 | D        | Noticed a death knight
  3590 | D        | Reached XP level 13. HP: 86/111 MP: 13/30
  3606 | D        | Mangled by a snapping turtle

Illustrated notes

Levels and vault maps discovered:
D:        pitsprint [storerooms_1, entrance_room_1, metal_vault_6, armoury_2,
          mini_pit_1, grid_room_1, main_hall_1, silver_pit, the_coven_1,
          the_vestibule_1, steel_vault_4, golden_pit, hallway_of_sentries,
          crystal_vault_3, iron_vault_1, final_vault]

Skill      XL: |  1  2  3  4  5  6  7  8  9 10 11 12 |
---------------+-------------------------------------+-----
Transmutations | 3 4 5 6 7 8 10 11 | 11.3
Fighting       | 3 4 5 6 7 8 10 11 13 | 13.0
Short Blades   | 3 4 5 6 7 8 10 11 13 | 13.0
Long Blades    | 3 4 5 6 7 8 10 11 13 | 13.0
Axes           | 3 4 5 6 7 8 10 11 13 | 13.0
Maces & Flails | 3 4 5 6 7 8 10 11 13 | 13.0
Polearms       | 3 4 5 6 7 8 10 11 13 | 13.0
Staves         | 3 4 5 6 7 8 10 11 13 | 13.0
Ranged Weapons | 3 4 5 6 7 8 10 11 13 | 13.0
Throwing       | 3 4 5 6 7 8 10 11 13 | 13.0
Armour         | 3 4 5 6 7 8 10 11 13 | 13.0
Dodging        | 5 6 7 8 9 11 12 13 | 13.8
Stealth        | 5 6 7 8 9 10 12 13 | 13.6
Shields        | 3 4 5 6 7 8 10 11 13 | 13.0
Unarmed Combat | 3 4 5 6 7 8 10 11 13 | 13.0
Spellcasting   | 5 6 7 8 9 10 11 12 13 | 13.9
Conjurations   | 2 3 4 5 6 7 8 9 11 | 11.0
Hexes          | 2 3 4 5 6 7 8 9 11 | 11.0
Summonings     | 2 3 4 5 6 7 8 9 11 | 11.0
Necromancy     | 2 3 4 5 6 7 8 9 11 | 11.0
Translocations | 2 3 4 5 6 7 8 9 11 | 11.0
Fire Magic     | 2 3 4 5 6 7 8 9 11 | 11.0
Ice Magic      | 2 3 4 5 6 7 8 9 11 | 11.0
Air Magic      | 2 3 4 5 6 7 8 9 11 | 11.0
Earth Magic    | 6 7 8 9 10 11 12 | 12.3
Poison Magic   | 2 3 4 5 6 7 8 9 11 | 11.0
Invocations    | 3 4 5 7 8 9 10 12 14 | 14.1
Evocations     | 3 4 5 6 7 8 10 11 13 | 13.0

Action                   |  1- 3 |  4- 6 |  7- 9 | 10-12 | 13-15 || total
-------------------------+-------+-------+-------+-------+-------++-------
Melee: Scimitar          |       |       |     3 |    55 |    12 ||    70
       Bite              |       |       |       |     9 |     2 ||    11
       Punch             |       |       |       |     8 |       ||     8
 Cast: Sandblast         |     3 |    25 |     2 |       |       ||    30
       Stone Arrow       |       |       |    25 |    46 |     1 ||    72
       Simulacrum        |       |       |       |     3 |       ||     3
Invok: Slouch            |       |       |     2 |    24 |       ||    26
  Use: Potion            |       |       |       |     5 |     2 ||     7
 Stab: Petrified         |       |       |       |     4 |       ||     4
       Sleeping          |       |       |       |     1 |       ||     1
Armor: Ring mail         |       |     2 |       |    11 |     1 ||    14
Dodge: Dodged            |     1 |    10 |     5 |    58 |     6 ||    80
Block: Kite shield       |       |       |       |    21 |     9 ||    30

Table legend: (Time is in decaauts)
 A = Elapsed time spent in this place.
 B = Non-inter-level travel time spent in this place.
 C = Inter-level travel time spent in this place.
 D = Time resting spent in this place.
 E = Time spent auto-exploring this place.
 F = Levels seen in this place.
 G = Mean time per level.
                   A        B        C        D        E       F      G
               +--------+--------+--------+--------+--------+-----+--------+
         Total |   4250 |   4135 |    115 |   2525 |      0 |   1 | 4250.0 |
       Dungeon |   4250 |   4135 |    115 |   2525 |      0 |   1 | 4250.0 |
               +--------+--------+--------+--------+--------+-----+--------+

Top non-repeatable levels by time:
       D: 4250 daAuts
